AoeStats
← Elpinchecharly

Arabia

509264630Analyzed
1v1 RM · 5d ago on Sep 26, 2026· 33m 21s· 2 players
Game mode
Random Map
Map size
Tiny (2 player)
Population
200
Speed
Normal
Resources
Standard
Victory
Conquest
Starting age
Dark Age
Ending age
Imperial Age
RankedLock teamsTeams togetherTeam positionsShared explorationLock speedFull tech treeHidden civsTurbo modeCheats
Victory
Defeat
🇲🇽 Persians · Mexico
1219
+15
🇲🇽 Sicilians · Mexico
1206
-15
Elpinchecharly
9:02 Loom
11:02 Feudal Age
11:44 Town Watch
11:45 Double-Bit Axe
19:19 Castle Age
17:58 Forging
18:28 Horse Collar
20:18 Bow Saw
20:10 Heavy Plow
20:13 Squires
19:54 Pikeman
30:37 Iron Casting
EXILE | ROBoTeCh
6:57 Loom
9:19 Feudal Age
9:52 Double-Bit Axe
15:26 Horse Collar
19:20 Castle Age
18:45 Bloodlines
18:42 Scale Barding Armor
18:42 Gold Mining
20:13 Bow Saw
23:30 Forging
25:31 Chain Barding Armor
28:00 Wheelbarrow
33:40 Iron Casting
33:08 Fletching
Connection lost

Rejoining the realm…

Still unreachable

The connection could not be restored.

Session expired

The server has moved on; the page needs a fresh start.